 Dungeon Crawl Stone Soup version 0.28-a0-804-g60983d4ba9 (webtiles) character file.

Game seed: 10846629882602342713

105 cheechan the Skirmisher (level 4, -2/44 HPs)
             Began as a Naga Monk on Nov 6, 2021.
             Slain by an orc (4 damage)
             ... on level 3 of the Dungeon on Nov 7, 2021.
             The game lasted 00:08:36 (1943 turns).

cheechan the Skirmisher (Naga Monk)                 Turns: 1943, Time: 00:08:37

Health: -2/44      AC:  3    Str: 15    XL:     4   Next: 81%
Magic:  4/4        EV: 10    Int: 10    God:
Gold:   80         SH:  0    Dex: 13    Spells: 3/3 levels left

rFire   . . .      SeeInvis +   d - +2 dagger (venom)
rCold   . . .      Faith    .   (no shield)
rNeg    . . .      Spirit   .   b - +1 robe
rPois   +          Reflect  .   (no helmet)
rElec   .          Harm     .   (no cloak)
rCorr   .          Rampage  .   (no gloves)
Will    .....                   (no barding)
Stlth   ++........              (no amulet)
HPRegen 0.14/turn               (no ring)
MPRegen 0.09/turn               (no ring)

@: mighty, very slow
A: AC +1, large, see invisible, deformed body, poison resistance, slowness 2,
spit poison 1, naga tail 1
a: Spit Poison


You were on level 3 of the Dungeon.
You visited 1 branch of the dungeon, and saw 3 of its levels.

You collected 80 gold pieces.

Inventory:

Hand Weapons
 a - a +0 mace
 d - a +2 dagger of venom (weapon)
 l - a +0 hand axe
Missiles
 c - 34 arrows
 e - 5 boomerangs
 k - a throwing net
Armour
 b - a +1 robe (worn)
Potions
 f - a potion of cancellation
 g - a potion of attraction {unknown}
 h - a potion of might
 i - a potion of haste {unknown}
 j - a potion of mutation {unknown}


   Skills:
 + Level 3.8 Fighting
 + Level 1.2 Short Blades
 + Level 3.6 Maces & Flails
 + Level 3.0 Dodging
 + Level 3.7 Stealth


You had 3 spell levels left.
You didn't know any spells.
Your spell library contained the following spells:

 Spells                   Type           Power      Damage    Failure   Level
 Corpse Rot               Necr/Air       0%         N/A       50%         2
 Poisonous Vapours        Pois/Air       0%         N/A       50%         2


Dungeon Overview and Level Annotations

Branches:
Dungeon (3/15)

Altars:
Trog


Innate Abilities, Weirdness & Mutations

Your serpentine skin is tough. (AC +1)
You have supernaturally acute eyesight. (SInv)
Armour fits poorly on your strangely shaped body.
Your system is resistant to poisons. (rPois)
You cover ground very slowly.
You can spit poison.
You have a snake-like lower body.


Message History

You kill the orc!
The orc wizard mumbles some strange words.
The orc wizard flickers and vanishes for a moment.
You barely miss the orc. You hit the orc wizard.
The orc wizard looks even sicker.
The orc wizard is severely wounded.
You closely miss the orc wizard.
The orc wizard is severely wounded.
The orc wizard hits you with a +0 dagger.
You closely miss the orc wizard.
The orc wizard is severely wounded.
The orc wizard casts a spell at you. The puff of flame hits you!
* * * LOW HITPOINT WARNING * * *
You hit the orc wizard.
The orc wizard looks as sick as possible!
The orc wizard is almost dead.
You kill the orc wizard!
Your Short Blades skill increases to level 1!
Your Dodging skill increases to level 3!
You closely miss the orc. The orc hits you with a +0 club.
* * * LOW HITPOINT WARNING * * *
Okay, then.
You hit the orc.
The orc is heavily wounded.
The orc hits you but does no damage.
You barely miss the orc.
The orc is heavily wounded.
The orc hits you with a +0 club.
* * * LOW HITPOINT WARNING * * *
You aren't carrying any scrolls.
It was a potion of might.
You feel very mighty all of a sudden. The orc hits you but does no damage.
You puncture the orc!
You kill the orc!
You puncture the frilled lizard!
You kill the frilled lizard!
The orc hits you but does no damage. x2; The orc hits you with a +0 club.
You die...

### #.. #.########
#.#......# #.#...##.#
#######.#...##.######+###
...........).#.##.......#
#######...>###.##.......#
......'....'....@o.>....#
#####.#....######o......#
#.#....# #.......#
#.#....# #.......#
#.#....# #.......#
#.#....# #########
###'#....### #..........#
#..........#


You could see 2 orcs.

Vanquished Creatures
  An orc wizard (D:3)
  2 adders (D:2)
  A worm (D:3)
  A dart slug (D:3)
  2 orcs (D:3)
  3 bats
  5 endoplasms
  2 giant cockroaches
  8 goblins
  6 hobgoblins
  A quokka (D:1)
  7 ball pythons
  3 frilled lizards (D:3)
  6 kobolds
  2 rats
50 creatures vanquished.

Notes
Turn   | Place    | Note
-------+----------+-------------------------------------------
     0 | D:1      | cheechan the Naga Monk began the quest for the Orb.
     0 | D:1      | Reached XP level 1. HP: 21/21 MP: 1/1
    20 | D:1      | Upgraded the game from 0.28-a0-802-g09f76e8c00 to
                  | 0.28-a0-804-g60983d4ba9
   195 | D:1      | Reached XP level 2. HP: 16/28 MP: 2/2
   436 | D:1      | Found a faded altar of an unknown god.
   787 | D:2      | Reached XP level 3. HP: 25/34 MP: 3/3
  1381 | D:3      | Reached XP level 4. HP: 9/43 MP: 4/4
  1664 | D:3      | Found a bloodstained altar of Trog.
  1937 | D:3      | Reached skill level 1 in Short Blades
  1939 | D:3      | HP: 1/44 [orc (4)]
  1943 | D:3      | Slain by an orc

Illustrated notes

Levels and vault maps discovered:
D:1:      nzn_arrival_water_spiral, layout_basic,
          chequers_ecumenical_altar_lobes
D:2:      layout_basic
D:3:      layout_basic, trog_hazing_becter, minmay_misc_feat_rows,
          corexii_leaking_fountain

Skill      XL: |  1  2  3  4 |
---------------+-------------+-----
Short Blades   | 1 |  1.2
Dodging        | 3 |  3.0
Fighting       | |  3.8
Maces & Flails | |  3.6
Stealth        | |  3.7

Action                   |  1- 3 |  4- 6 || total
-------------------------+-------+-------++-------
Melee: Dagger            |    76 |    38 ||   114
       Mace              |     7 |       ||     7
 Abil: Spit Poison       |     9 |     1 ||    10
  Use: Scroll            |     5 |     1 ||     6
       Potion            |       |     1 ||     1
 Stab: Sleeping          |     2 |     1 ||     3
Armor: Robe              |    15 |     9 ||    24
Dodge: Dodged            |    30 |    10 ||    40

Table legend: (Time is in decaauts)
 A = Elapsed time spent in this place.
 B = Non-inter-level travel time spent in this place.
 C = Inter-level travel time spent in this place.
 D = Time resting spent in this place.
 E = Time spent auto-exploring this place.
 F = Levels seen in this place.
 G = Mean time per level.
                   A        B        C        D        E       F      G
               +--------+--------+--------+--------+--------+-----+--------+
         Total |   2543 |   2543 |      0 |    241 |      0 |   3 |  847.7 |
       Dungeon |   2543 |   2543 |      0 |    241 |      0 |   3 |  847.7 |
               +--------+--------+--------+--------+--------+-----+--------+

Top non-repeatable levels by time:
     D:3: 981 daAuts
     D:1: 833 daAuts
     D:2: 729 daAuts
